cohdb
Replays
Latest Replays
All Replays
Popular Replays
Top Player Replays
Match Explorer
How It Works
Community
CoH3 Stats
Reddit
Sign in to upload your games and track your stats! →
Sign in with Steam
Oziligath the Endboss to my Challanger titel.
Match 43458682
Overview
Messages
Build Orders
End
Royal Engineer Section
Construct Section Command Post
Dingo Light Scout Car
Infantry Section
Infantry Section
Infantry Section
Construct Platoon Command Post
Humber Armored Car
Infantry Section
Construct Field Infirmary
Selects Canadian Shock Battlegroup
Selects Attacking Spirit
Selects Canadian Shock Section
Selects Incendiary Munitions
Selects Pyrotechnics
Canadian Shock Section
Infantry Training
Grenade Package
6-pounder Anti-tank Gun Team
6-pounder Anti-tank Gun Team
Team Weapon Training
Construct Company Command Post
Selects Churchill Crocodile Heavy Tank
Churchill Crocodile Heavy Tank
Royal Engineer Section
Armored Vehicle Training
Royal Engineer Section
Selects Smoke Operation
Crusader II Medium Tank
Canadian Shock Section
Smoke Operation
Nico-Nico-Nii~~
Oziligath
0
0
Comments
sign in to comment!
No comments posted yet!